 Dungeon Crawl Stone Soup version 0.20.1-1-g8b1a95d (webtiles) character file.

7707 vishdafish the Spear-Bearer (level 11, -1/72 HPs)
             Began as a Demonspawn Fighter on July 3, 2017.
             Was a Follower of Hepliaklqana.
             Slain by a vampire (3 damage)
             ... on level 9 of the Dungeon.
             The game lasted 00:16:03 (9091 turns).

vishdafish the Spear-Bearer (Demonspawn Fighter)    Turns: 9091, Time: 00:16:03

Health: -1/72      AC: 20    Str: 20    XL:     11   Next: 0%
Magic:  0/16       EV: 10    Int: 10    God:    Hepliaklqana [*.....]
Gold:   438        SH: 11    Dex: 12    Spells: 10/10 levels left

rFire    + . .     SeeInvis .   a - +0 trident
rCold    . . .     Gourm    .   c - +0 shield
rNeg     . . .     Faith    .   B - +1 chain mail {rF+}
rPois    +         Spirit   +   n - +2 helmet
rElec    .         Reflect  .   r - +0 cloak
rCorr    .         Harm     .   J - +0 pair of gloves
MR       .....                  (no boots)
Stlth    ..........             (no amulet)
Regen    0.3/turn               x - ring of poison resistance
MPRegen  0.2/turn               K - +3 ring of protection

@: no status effects
A: reduced essence, talons 2, repulsion field 1, powered by pain 2, magic shield
a: Recall Ancestor, Ancestor Identity, Renounce Religion


You were on level 9 of the Dungeon.
You worshipped Hepliaklqana.
Hepliaklqana was aware of your devotion.
You were hungry.

You visited 2 branches of the dungeon, and saw 11 of its levels.
You also visited: Ossuary.

You collected 438 gold pieces.

Inventory:

Hand Weapons
 a - a +0 trident (weapon)
Armour
 c - a +0 shield (worn)
 n - a +2 helmet (worn)
 r - a +0 cloak (worn)
 B - a +1 chain mail of fire resistance (worn)
 J - a +0 pair of gloves (worn)
Jewellery
 x - a ring of poison resistance (left hand)
 A - an uncursed ring of fire
 H - an uncursed ring of stealth
 K - a +3 ring of protection (right hand)
Wands
 g - a wand of lightning (8/15)
Scrolls
 e - 2 scrolls of fog
 h - a scroll of amnesia
 i - 4 scrolls of remove curse
 k - 2 scrolls of blinking
 m - a scroll of immolation {unknown}
 o - 4 scrolls of teleportation {unknown}
 w - a scroll of fear
 y - 2 scrolls of enchant weapon {unknown}
 G - a scroll of recharging
 I - a scroll of magic mapping
Potions
 d - 3 potions of lignification
 l - 4 potions of invisibility
 p - 2 potions of haste {unknown}
 q - 2 potions of mutation
 s - 4 potions of berserk rage
 u - 2 potions of degeneration {unknown}
 v - 2 potions of brilliance {unknown}
 z - 2 potions of agility {unknown}
 E - 4 potions of cancellation
 F - 2 potions of heal wounds
 L - a potion of flight {unknown}
Books
 t - a book of Necromancy

   Spells                             Type                      Level
   a - Pain                           Necromancy                   1
   b - Animate Skeleton               Necromancy                   1
   c - Vampiric Draining              Necromancy                   3
   d - Regeneration                   Charms/Necromancy            3
   e - Animate Dead                   Necromancy                   4
   f - Control Undead                 Necromancy                   4
 C - a book of Debilitation

   Spells                             Type                      Level
   a - Corona                         Hexes                        1
   b - Slow                           Hexes                        2
   c - Inner Flame                    Hexes/Fire                   3
   d - Portal Projectile              Hexes/Translocation          3
   e - Cause Fear                     Hexes                        4
   f - Leda's Liquefaction            Hexes/Earth                  4
 D - a book of Air

   Spells                             Type                      Level
   a - Shock                          Conjuration/Air              1
   b - Swiftness                      Charms/Air                   2
   c - Static Discharge               Conjuration/Air              3
   d - Airstrike                      Air                          4
   e - Lightning Bolt                 Conjuration/Air              5
Comestibles
 b - 2 meat rations
 f - 9 bread rations


   Skills:
 + Level 5.5 Fighting
 + Level 10.2 Polearms
 + Level 6.3 Armour
 + Level 3.5 Dodging
 + Level 0.8 Stealth
 + Level 8.5 Shields
 + Level 7.6 Invocations


You had 10 spell levels left.
You didn't know any spells.

Dungeon Overview and Level Annotations

Branches:
Dungeon (10/15)            Temple (1/1) D:7
   Lair: D:8-11         Orc: D:9-12

Altars:
Ashenzari
Cheibriados
Dithmenos
Elyvilon
Fedhas
Gozag
Hepliaklqana
Kikubaaqudgha
Makhleb
Nemelex Xobeh
Okawaru
Qazlal
Ru
Sif Muna
Trog
Uskayaw
Vehumet
Xom
Yredelemnul
Zin
The Shining One


Innate Abilities, Weirdness & Mutations

You have razor-sharp toenails.
You are surrounded by a mild repulsion field. (EV +2)
You sometimes gain power by taking damage.
When hurt, damage is shared between your health and your magic reserves.
Your life essence is reduced to manifest your ancestor. (-10% HP)


Message History

Something bites you but does no damage.
You hit something but do no damage. You claw something.
Plamen hits something but does no damage.
Unholy energy fills the air.
* * * LOW HITPOINT WARNING * * *
You bump into the rock wall.
Plamen barely misses something.
Something hits you but does no damage. Something bites you but does no damage.
You bump into the rock wall.
Plamen closely misses something.
Something hits you.
* * * LOW HITPOINT WARNING * * *
Something bites you but does no damage.
You bump into the rock wall.
You feel less confused.
Plamen hits something.
Unholy energy fills the air.
* * * LOW HITPOINT WARNING * * *
You miss something. Your kick misses something.
Plamen hits something but does no damage.
You hit something but do no damage. Something hits you but does no damage.
Something bites you.
You die...

#.# #.# #.# #.# #.#
####.####### #..........#
##################..........#
..oK............@{R.........#
##################?)†>(.....#
#.<........# #..........#
############


You could see the friendly Plamen the ancestor.

Vanquished Creatures
  The ghost of Inarius the Reanimator, a novice HONe (D:6)
  A spriggan (D:7)
  Sigmund (D:4)
  An orc warrior (D:4)
  2 sky beasts (D:5)
  4 ice beasts
  A phantom (D:8)
  2 ogres
  5 centaurs
  A big kobold (D:10)
  4 bullfrogs
  3 scorpions
  3 killer bees
  4 howler monkeys
  3 crimson imps
  A jelly (D:7)
  A quasit (D:6)
  2 centaur zombies
  Crazy Yiuf (D:3)
  4 orc priests
  5 hounds
  A human zombie (Ossuary)
  4 orc wizards
  A bullfrog skeleton (D:4)
  Ijyb (D:2)
  4 worker ants
  2 big kobold zombies (Ossuary)
  2 hound skeletons
  A hound zombie (D:7)
  A mummy (Ossuary)
  11 gnolls
  10 adders
  A shadow imp (D:6)
  An adder skeleton (D:4)
  4 dart slugs
  6 leopard geckos
  24 orcs
  A ball python (D:4)
  9 bats
  A giant cockroach (D:7)
  6 hobgoblins
  8 kobolds
  5 quokkas
  4 frilled lizards
  7 goblins
  5 hobgoblin zombies (Ossuary)
  2 jackal zombies (Ossuary)
  8 kobold zombies (Ossuary)
  A leopard gecko skeleton (D:5)
  7 orc zombies (Ossuary)
  2 quokka skeletons (D:5)
  11 rats
  2 rat zombies (Ossuary)
203 creatures vanquished.

Vanquished Creatures (collateral kills)
  2 human zombies (Ossuary)
  A mummy (Ossuary)
  4 hobgoblin zombies (Ossuary)
  A kobold (D:9)
  A kobold zombie (Ossuary)
  An orc zombie (Ossuary)
  A rat zombie (Ossuary)
11 creatures vanquished.

Vanquished Creatures (others)
  An ancestor (D:9)
  A bush (D:7)
2 creatures vanquished.

Grand Total: 216 creatures vanquished

Notes
Turn   | Place    | Note
-------+----------+-------------------------------------------
     0 | D:1      | vishdafish the Demonspawn Fighter began the quest for the Orb.
     0 | D:1      | Reached XP level 1. HP: 18/18 MP: 1/1
   339 | D:1      | Gained mutation: You have sharp toenails. [demonic ancestry]
   339 | D:1      | Reached XP level 2. HP: 15/24 MP: 2/2
   384 | D:1      | Reached skill level 2 in Polearms
  1124 | D:1      | Gained mutation: You sometimes gain a little power by taking damage. [demonic ancestry]
  1124 | D:1      | Reached XP level 3. HP: 29/29 MP: 3/3
  1857 | D:3      | Noticed Ijyb
  1868 | D:2      | Killed Ijyb
  1868 | D:2      | Reached XP level 4. HP: 18/35 MP: 4/4
  2128 | D:3      | Reached skill level 1 in Dodging
  2308 | D:3      | Gained mutation: You are surrounded by a mild repulsion field. (EV +2) [demonic ancestry]
  2308 | D:3      | Reached XP level 5. HP: 38/41 MP: 5/5
  2372 | D:3      | Found a runed door.
  2376 | D:3      | Noticed Crazy Yiuf
  2381 | D:3      | Killed Crazy Yiuf
  2478 | D:3      | Found a basalt altar of Yredelemnul.
  2481 | D:3      | Reached skill level 3 in Polearms
  2705 | D:3      | Found a white marble altar of Elyvilon.
  3049 | D:4      | Gained mutation: When hurt, damage is shared between your health and your magic reserves. [demonic ancestry]
  3049 | D:4      | Reached XP level 6. HP: 43/47 MP: 6/6
  3224 | D:4      | Reached skill level 4 in Polearms
  3251 | D:4      | Found a radiant altar of Vehumet.
  3263 | D:4      | Noticed Sigmund
  3275 | D:4      | Killed Sigmund
  3275 | D:4      | Gained mutation: You have razor-sharp toenails. [demonic ancestry]
  3275 | D:4      | Reached XP level 7. HP: 28/53 MP: 5/7
  3618 | D:5      | Entered Level 5 of the Dungeon
  3677 | D:5      | Reached skill level 5 in Polearms
  4183 | D:5      | Reached skill level 6 in Polearms
  4183 | D:5      | Reached XP level 8. HP: 53/60 MP: 8/8
  4253 | D:5      | Found a shattered altar of Ashenzari.
  4276 | D:5      | Found a shimmering altar of Xom.
  4279 | D:5      | Found a snail-covered altar of Cheibriados.
  4310 | D:5      | Found a glowing golden altar of the Shining One.
  4338 | D:5      | Found a snail-covered altar of Cheibriados.
  4967 | D:6      | Reached skill level 7 in Polearms
  5011 | D:6      | Noticed Inarius's ghost (novice HONe)
  5509 | D:5      | Reached skill level 5 in Armour
  5515 | D:5      | Reached skill level 5 in Shields
  5995 | D:6      | Killed Inarius's ghost
  5995 | D:6      | Reached skill level 5 in Fighting
  5995 | D:6      | Reached XP level 9. HP: 7/68 MP: 2/9
  6019 | D:6      | HP: 3/68 [poisoned by Inarius's ghost]
  6624 | D:6      | Found a blossoming altar of Fedhas.
  6747 | D:7      | Found a staircase to the Ecumenical Temple.
  6769 | Temple   | Entered the Ecumenical Temple
  6898 | Temple   | Became a worshipper of Hepliaklqana the Forgotten
  7033 | D:7      | Found a sand-covered staircase.
  7035 | D:7      | Found a hide-covered altar of Uskayaw.
  7105 | Ossuary  | Entered an ossuary
  7384 | D:7      | Reached skill level 8 in Polearms
  7769 | D:7      | Reached skill level 9 in Polearms
  7769 | D:7      | Reached XP level 10. HP: 48/66 MP: 7/15
  7859 | D:7      | Reached * piety under Hepliaklqana
  7860 | D:7      | Found a burning altar of Makhleb.
  7955 | D:7      | Found a shadowy altar of Dithmenos.
  8091 | D:7      | Reached skill level 10 in Polearms
  8830 | D:8      | Found a bloodstained altar of Trog.
  8957 | D:10     | Entered Level 10 of the Dungeon
  9060 | D:10     | Gained mutation: You sometimes gain power by taking damage. [demonic ancestry]
  9060 | D:10     | Reached XP level 11. HP: 72/72 MP: 16/16
  9088 | D:9      | HP: 3/72 [something (4)]
  9089 | D:9      | HP: 1/72 [something/vampiric draining (2)]
  9091 | D:9      | Slain by a vampire

Skill      XL: |  1  2  3  4  5  6  7  8  9 10 |
---------------+-------------------------------+-----
Polearms       | 2 3 4 6 7 9 10 | 10.2
Armour         | 3 4 5 6 |  6.3
Shields        | 3 4 5 8 |  8.5
Dodging        | 1 2 3 |  3.5
Fighting       | 4 5 |  5.5
Invocations    | 7 |  7.6
Stealth        | |  0.8

Action                   |  1- 3 |  4- 6 |  7- 9 | 10-12 || total
-------------------------+-------+-------+-------+-------++-------
Melee: Trident           |   118 |   177 |   531 |   172 ||   998
       Kick              |    24 |    40 |   130 |    44 ||   238
  Use: Potion            |     1 |       |     2 |       ||     3
       Scroll            |       |       |    14 |     2 ||    16
 Stab: Distracted        |       |       |     1 |     1 ||     2
  Eat: Bread ration      |     1 |       |     2 |       ||     3
       Chunk             |       |     3 |     6 |     4 ||    13
       Fruit             |       |       |       |     1 ||     1
Armor: Scale mail        |    60 |    53 |    32 |       ||   145
       Chain mail        |       |       |   157 |    57 ||   214
       Skin              |       |       |     7 |       ||     7
Dodge: Dodged            |    45 |    55 |   169 |    49 ||   318
Block: Shield            |    55 |    67 |   222 |    66 ||   410
